 Dungeon Crawl Stone Soup version 0.21-a0-618-g6cbd37f (webtiles) character file.

616 luca467 the Poker (level 7, 0/55 HPs)
             Began as a Mummy Chaos Knight on Dec 23, 2017.
             Killed by divine providence
             ... invoked by an orc priest
              (15 damage)
             ... on level 4 of the Dungeon.
             The game lasted 00:12:48 (3731 turns).

luca467 the Poker (Mummy Chaos Knight)              Turns: 3731, Time: 00:12:48

Health: 0/55       AC:  4    Str: 16    XL:     7   Next: 21%
Magic:  12/13      EV: 11    Int: 11    God:    Xom [....*.]
Gold:   266        SH:  0    Dex: 13    Spells: 14/14 levels left

rFire    . . .     SeeInvis .   a - +0 spear (chaos)
rCold    . . .     Gourm    .   (no shield)
rNeg     + + +     Faith    .   l - +0 troll leather armour {Purgy}
rPois    ∞         Spirit   .   (no helmet)
rElec    .         Reflect  .   (no cloak)
rCorr    .         Harm     .   (no gloves)
MR       .....     Rnd*Tele +   (no boots)
Stlth    +.........             (no amulet)
HPRegen  0.58/turn              e - ring of fire
MPRegen  0.13/turn              d - ring of teleportation (curse)

@: no status effects
A: no food or potions, fire vulnerability, cold resistance 1, negative energy
resistance 3, torment resistance, unbreathing
a: Renounce Religion


You were on level 4 of the Dungeon.
You worshipped Xom.
You were a beloved toy of Xom.
You were not hungry.

You visited 1 branch of the dungeon, and saw 4 of its levels.
You also visited: Sewer.

You collected 266 gold pieces.

Inventory:

Hand Weapons
 a - a +0 spear of chaos (weapon)
Armour
 b - a +2 leather armour
 l - a +0 troll leather armour (worn) {Purgy}
Jewellery
 d - a cursed ring of teleportation (right hand)
 e - a ring of fire (left hand)
 g - an uncursed ring of flight
 k - an uncursed ring of ice
Scrolls
 c - a scroll of blinking
 f - a scroll of teleportation


   Skills:
 + Level 4.7 Fighting
 * Level 4.9 Polearms
 - Level 1.5 Armour
 - Level 0.7 Dodging
 + Level 4.1 Spellcasting
 + Level 1.9 Evocations


You had 14 spell levels left.
You didn't know any spells.

Dungeon Overview and Level Annotations

Branches:
Dungeon (4/15)             Temple (0/1) D:4

Altars:
Nemelex Xobeh
Ru
Sif Muna
Wu Jian
Xom
The Shining One


Innate Abilities, Weirdness & Mutations

You do not eat or drink.
Your flesh is vulnerable to fire.
You are immune to poison.
Your flesh is cold resistant. (rC+)
You are immune to negative energy. (rN+++)
You are immune to unholy pain and torment.
You can survive without breathing.


Message History

You escape the naga's grasp.
Your dagger barely misses the naga.
Your dagger hits the naga!
The naga dies!
Your Spellcasting skill increases to level 4!
Your dagger hits the orc!
The orc dies!
What are your orders? t - Shout!
Orders for allies: a - Attack new target. r - Retreat! s - Stop attacking. g - Guard the area. f - Follow me.
Anything else - Cancel.
Gang up on whom?
Press: ? - help, Dir - move target cursor, f - orc priest
Aim: an orc priest, wielding a falchion of protection Attack!
Your dagger hits the orc priest.
The orc priest mumbles some strange prayers to Beogh against you.
Beogh smites you!
You die...
Xom yawns loudly!

##.###.###
######.# #.#
#......# #.#
#.###### #.#
#.# #.# #>#
#.### #.# #....
#########(#####
#..##
#....@..o....>#
#..##
#.#######.###.#
#.... #.# .#
#.#####..# #.#
.# #.##......
#.# {#
#.##.8.8.8
###.# .#
#.##..⌠.⌠.
#...#
o###.##.8.>.8
#.###
.##......⌠.⌠.
#.# #..##.8.8.8


You could see an orc priest and a friendly dagger.

Vanquished Creatures
  Purgy (Sewer)
  A hound (D:4)
  An orc priest (D:3)
  An orc wizard (D:4)
  An iguana (D:3)
  A worker ant (D:4)
  A hound skeleton (D:4)
  6 gnolls
  5 adders
  2 river rats (D:3)
  An ooze (D:2)
  A worm (D:2)
  3 dart slugs
  3 leopard geckos
  14 orcs
  6 giant cockroaches
  18 goblins
  A goblin (shapeshifter) (D:3)
  14 hobgoblins
  8 jackals
  14 kobolds
  A quokka (D:3)
  2 ball pythons
  10 bats
  6 frilled lizards
  10 rats
132 creatures vanquished.

Vanquished Creatures (collateral kills)
  A naga (D:4)
  An orc (D:4)
2 creatures vanquished.

Vanquished Creatures (others)
  A jackal (D:3)
1 creature vanquished.

Grand Total: 135 creatures vanquished

Notes
Turn   | Place    | Note
-------+----------+-------------------------------------------
     0 | D:1      | luca467 the Mummy Chaos Knight began the quest for the Orb.
     0 | D:1      | Reached XP level 1. HP: 18/18 MP: 1/1
    76 | D:1      | Reached XP level 2. HP: 11/24 MP: 1/3
   119 | D:1      | Reached skill level 1 in Spellcasting
   228 | D:1      | XOM: silly message
   557 | D:1      | Reached XP level 3. HP: 21/29 MP: 5/5
   944 | D:2      | XOM: polymorph hobgoblin -> gnoll
   959 | D:2      | XOM: mild Summ miscast
   981 | D:2      | Found a sparkling altar of Nemelex Xobeh.
  1228 | D:2      | XOM: medium Air miscast
  1281 | D:2      | Found an ornate altar of the Wu Jian Council.
  1387 | D:2      | XOM: 9-stop teleportation journey
  1393 | D:2      | Reached XP level 4. HP: 32/35 MP: 5/7
  1471 | D:2      | XOM: divination: detect items
  1688 | D:2      | Found a sacrificial altar of Ru.
  1940 | D:3      | Found a glowing drain.
  1953 | D:3      | XOM: smoke on damage
  2034 | Sewer    | Entered a sewer
  2091 | Sewer    | XOM: scenery: create altars
  2130 | Sewer    | Noticed Purgy
  2158 | Sewer    | Killed Purgy
  2158 | Sewer    | Reached XP level 5. HP: 15/42 MP: 7/9
  2437 | D:3      | Found a deep blue altar of Sif Muna.
  2500 | D:3      | XOM: potion effect (curing)
  2509 | D:3      | Reached skill level 1 in Evocations
  2509 | D:3      | Reached XP level 6. HP: 31/48 MP: 10/10
  2600 | D:3      | XOM: god gift: 23 gold pieces
  2611 | D:3      | XOM: 2-stop teleportation journey
  2688 | D:3      | XOM: scenery: create altars
  2891 | D:4      | XOM: smoke on damage
  3034 | D:4      | XOM: polymorph something unseen -> ball python
  3077 | D:4      | XOM: butterfly on damage
  3148 | D:4      | XOM: smoke on damage
  3222 | D:4      | XOM: cleaving
  3290 | D:4      | Found a staircase to the Ecumenical Temple.
  3324 | D:4      | XOM: 4-stop teleportation journey
  3352 | D:4      | XOM: smoke on damage
  3362 | D:4      | XOM: chaos cloud
  3475 | D:4      | XOM: enchant monster (bad)
  3575 | D:4      | Reached XP level 7. HP: 55/55 MP: 12/12
  3645 | D:4      | Found a glowing golden altar of the Shining One.
  3724 | D:4      | XOM: polymorph something unseen -> naga
  3731 | D:4      | Killed from afar by an orc priest

Vault maps used:
D:1:      dpeg_arrival_shelter
D:2:      lemuel_doored_altar, nicolae_ru_path_of_blood, lemuel_round_altar
D:3:      lemuel_blue_sif_altar, portal_sewer_entry_b
D:4:      corexii_shantytown, kennysheep_mini_moat,
          minmay_temple_entry_statues_fountains, minmay_tree_intersection
Sewer:    sewer_big_baddie

Skill      XL: |  1  2  3  4  5  6  7 |
---------------+----------------------+-----
Spellcasting   | 1 2 3 4 |  4.1
Polearms       | 3 4 |  4.9
Fighting       | 4 |  4.7
Evocations     | 1 |  1.9
Armour         | |  1.5
Dodging        | |  0.7

Action                   |  1- 3 |  4- 6 |  7- 9 || total
-------------------------+-------+-------+-------++-------
Melee: Spear             |   129 |   403 |    40 ||   572
 Abil: Evoke Flight      |       |     1 |       ||     1
  Use: Scroll            |       |     4 |       ||     4
 Stab: Paralysed         |     2 |     3 |       ||     5
       Confused          |     1 |     2 |       ||     3
       Petrifying        |       |     1 |       ||     1
       Sleeping          |       |     1 |       ||     1
Armor: Leather armour    |    27 |    33 |       ||    60
       Troll leather arm |       |    54 |    10 ||    64
Dodge: Dodged            |    53 |   182 |     7 ||   242

Table legend:
 A = Spawn XP
 B = Non-spawn XP
 C = Spawn XP percentage of total XP
 D = Spawn monster count
 E = Non-spawn monster count
 F = Spawn count percentage of total count
 G = Total turns spent on level
                    A         B        C        D         E        F      G
               +---------+---------+-------+---------+---------+-------+---------
         Total |       0 |     880 |   0.0 |       0 |     135 |   0.0 |  3731
               +---------+---------+-------+---------+---------+-------+---------
           D:1 |       0 |      44 |   0.0 |       0 |      24 |   0.0 |   905
           D:2 |       0 |      68 |   0.0 |       0 |      17 |   0.0 |   846
           D:3 |       0 |     187 |   0.0 |       0 |      34 |   0.0 |   845
           D:4 |       0 |     439 |   0.0 |       0 |      54 |   0.0 |   888
         Sewer |       0 |     142 |   0.0 |       0 |       6 |   0.0 |   247
               +---------+---------+-------+---------+---------+-------+---------
